 Dungeon Crawl Stone Soup version 0.30.1-4-g462c640d31 (webtiles) character file.

Game seed: 7778052052879034227

361 coolio the Chopper (level 6, -1/48 (49) HPs)
             Began as a Demonspawn Fighter on Sept 2, 2023.
             Slain by Crazy Yiuf
             ... wielding a +3 quarterstaff of chaos
              (7 damage)
             ... on level 3 of the Dungeon.
             The game lasted 00:02:00 (2381 turns).

coolio the Chopper (Demonspawn Fighter)             Turns: 2381, Time: 00:02:02

HP:   -1/48 (49)    AC:  8    Str: 18    XL:     6   Next: 38%
MP:   0/6           EV:  9    Int:  9    God:
Gold: 135           SH:  0    Dex: 13    Spells: 5/5 levels left

rFire   . . .        a - +0 war axe
rCold   . . .        (no shield)
rNeg    . . .        b - +0 scale mail
rPois   .            p - +0 hat
rElec   .            (no cloak)
rCorr   .            (no gloves)
SInv    .            j - +0 pair of boots
Will    .....        (no amulet) Stlth
                     (no ring)
HPRegen 0.28/turn    (no ring)
MPRegen 0.20/turn

%: guardian spirit
@: lightly drained
A: hooves 1, magic shield, magic regeneration
a: no special abilities


You were on level 3 of the Dungeon.
You visited 1 branch of the dungeon, and saw 3 of its levels.

You collected 135 gold pieces.

Inventory:

Hand Weapons
 a - a +0 war axe (weapon)
Armour
 b - a +0 scale mail (worn)
 j - a +0 pair of boots (worn)
 p - a +0 hat (worn)
Jewellery
 m - a ring of willpower
 r - a +6 ring of dexterity
Scrolls
 f - a scroll of enchant armour {unknown}
 g - a scroll of teleportation {unknown}
 h - 3 scrolls of magic mapping {unknown}
 k - a scroll of noise {unknown}
 l - 2 scrolls of fear {unknown}
 n - 2 scrolls of identify {unknown}
 o - a scroll of enchant weapon {unknown}
 q - a scroll of butterflies {unknown}
Potions
 c - 7 potions of curing {unknown}
 d - a potion of might
 e - a potion of brilliance {unknown}
 i - 2 potions of haste {unknown}
 s - a potion of ambrosia {unknown}
 t - a potion of invisibility {unknown}
 u - a potion of flight {unknown}
 v - a potion of mutation {unknown}
 w - a potion of lignification {unknown}


   Skills:
 + Level 4.3 Fighting
 * Level 4.5 Axes
 + Level 4.0 Armour
 - Level 2.6 Shields


You had 5 spell levels left.
You didn't know any spells.
Your spell library contained the following spells:

 Spells                   Type           Power      Damage    Failure   Level
 Blink                    Tloc           0%         N/A       88%         2
 Lesser Beckoning         Tloc           0%         N/A       88%         2
 Momentum Strike          Conj/Tloc      0%         3d8       88%         2
 Dazzling Flash           Conj/Hex       0%         N/A       98%         3
 Ozocubu's Armour         Ice            0%         N/A       98%         3
 Agony                    Necr           0%         N/A       100%        5
 Metabolic Englaciation   Hex/Ice        0%         N/A       100%        5
 Silence                  Hex/Air        0%         N/A       100%        5
 Simulacrum               Ice/Necr       0%         N/A       100%        6


Dungeon Overview and Level Annotations

Branches:
Dungeon (3/15)

Altars:

Annotations:
D:3 Crazy Yiuf


Innate Abilities, Weirdness & Mutations

You have large cloven feet.
When hurt, damage is shared between your health and your magic reserves.
You regenerate magic rapidly.


Message History

There is a stone staircase leading down here.
Crazy Yiuf shouts!
Crazy Yiuf cries, "Cod!
Defame water stair."
Could not explore, unopened runed door.
Could not explore, unopened runed door.
Could not explore, unopened runed door.
No reachable target in view!
No reachable target in view!
No reachable target in view!
You open the door. You slash Crazy Yiuf!
Crazy Yiuf is heavily wounded.
Crazy Yiuf hits you with a +3 quarterstaff of chaos!
You feel your power leaking away.
You hit Crazy Yiuf.
Crazy Yiuf is severely wounded.
Crazy Yiuf hits you with a +3 quarterstaff of chaos.
You hit Crazy Yiuf but do no damage.
Crazy Yiuf is severely wounded.
Crazy Yiuf cries, "Line sizzlefizz green!"
Crazy Yiuf hits you with a +3 quarterstaff of chaos.
You feel drained.
Crazy Yiuf hits you with a +3 quarterstaff of chaos!
Crazy Yiuf draws strength from your wounds!
You slash Crazy Yiuf!
Crazy Yiuf is almost dead.
Crazy Yiuf hits you with a +3 quarterstaff of chaos!
* * * LOW HITPOINT WARNING * * *
Crazy Yiuf burns you.
* * * LOW HITPOINT WARNING * * *
You barely miss Crazy Yiuf.
Crazy Yiuf is almost dead.
Crazy Yiuf barely misses you.
You closely miss Crazy Yiuf.
Crazy Yiuf is almost dead.
Crazy Yiuf says, "Adder!"
Crazy Yiuf hits you with a +3 quarterstaff of chaos.
* * * LOW HITPOINT WARNING * * *
You convulse!
You die...

#.#........###....# ####........
#..#......## #....# #.....######
..##.##...## ♣....♣ #####.# #.
##..###....# ♣...♣♣ ####.# #.
.#..# #...## ♣♣.♣♣ ##....# #.
..### ##...# ♣.♣♣ #..##.#####.
#.#.## #...# ♣♣.♣ #........##.
#..#.# ##..# ♣.♣♣ ##....##.###
..##.# #..# ♣♣@♣ #.....##....
##...####..# #g# #...........
.#.........# ... #........##.
..##...)...# #...# #.....##.##.
#.#....)#..# #..)# #.....##.##.
#..#.......# ##### #.....#..###
..##....#..# #.......## #
##......#..###########......## #
.#..#####..##....#..........#####


You could see Crazy Yiuf.

Vanquished Creatures
  Sigmund (D:3)
  A hound (D:3)
  Jessica (D:3)
  Terence (D:3)
  An orc wizard (D:3)
  An adder (D:3)
  A gnoll (D:1)
  A worm (D:3)
  5 dart slugs
  6 orcs (D:3)
  4 bats
  10 endoplasms
  A giant cockroach (D:1)
  5 hobgoblins
  2 quokkas (D:1)
  7 ball pythons
  2 frilled lizards
  5 goblins
  7 kobolds
  3 rats
65 creatures vanquished.

Notes
Turn   | Place    | Note
-------+----------+-------------------------------------------
     0 | D:1      | coolio the Demonspawn Fighter began the quest for the Orb.
     0 | D:1      | Reached XP level 1. HP: 18/18 MP: 1/1
   125 | D:1      | Gained mutation: You regenerate magic rapidly. [demonic
                  | ancestry]
   125 | D:1      | Reached XP level 2. HP: 20/24 MP: 2/2
   383 | D:1      | Gained mutation: When hurt, damage is shared between your
                  | health and your magic reserves. [demonic ancestry]
   383 | D:1      | Reached XP level 3. HP: 27/29 MP: 3/3
  1561 | D:3      | Reached XP level 4. HP: 29/35 MP: 4/4
  1653 | D:3      | Identified the +0 leather armour "Nituacw" {-Tele Will+
                  | Int+4}
  1671 | D:3      | Noticed Sigmund
  1679 | D:3      | Killed Sigmund
  1680 | D:3      | Reached XP level 5. HP: 38/42 MP: 5/5
  1715 | D:3      | Gained mutation: You have large cloven feet. [demonic
                  | ancestry]
  1715 | D:3      | Reached XP level 6. HP: 41/48 MP: 4/6
  1783 | D:3      | Noticed Jessica
  1798 | D:3      | Killed Jessica
  2042 | D:3      | Noticed Terence
  2065 | D:3      | Killed Terence
  2265 | D:3      | Found a runed translucent door.
  2266 | D:3      | Noticed Crazy Yiuf
  2381 | D:3      | Slain by Crazy Yiuf

Illustrated notes

Levels and vault maps discovered:
D:1:      ncdulo_smallfort, layout_basic
D:2:      layout_basic, serial_park_tiny_pond, st_stairs_7,
          kennysheep_generic_room_6
D:3:      layout_rooms, nicolae_eternal_life, uniq_terence, uniq_sigmund,
          uniq_crazy_yiuf_cottage, uniq_jessica

Skill      XL: |  1  2  3  4  5  6 |
---------------+-------------------+-----
Axes           | 2 3 4 |  4.5
Armour         | 3 4 |  4.0
Fighting       | 4 |  4.3
Shields        | |  2.6

Action                     |  1- 3 |  4- 6 || total
---------------------------+-------+-------++-------
  Melee: War axe           |   101 |    86 ||   187
         Punch             |     1 |       ||     1
 Armour: Scale mail        |    50 |    53 ||   103
  Dodge: Dodged            |    62 |    46 ||   108
